 Dungeon Crawl Stone Soup version 0.23.0 (webtiles) character file.

Game seed: 7678909343641456747

42933 grindst0ne the Destroyer (level 13, -8/82 HPs)
             Began as a Deep Elf Fire Elementalist on Feb 9, 2019.
             Was an Elder of Vehumet.
             Mangled by a tyrant leech (29 damage)
             ... while paralysed by a hornet
             ... on level 6 of the Lair of Beasts.
             The game lasted 01:25:21 (22738 turns).

grindst0ne the Destroyer (DEFE)                    Turns: 22738, Time: 01:25:22

Health: -8/82      AC: 13    Str:  5    XL:     13   Next: 88%
Magic:  18/29      EV:  2    Int: 26    God:    Vehumet [****..]
Gold:   978        SH:  0    Dex: 15    Spells: 2/32 levels left

rFire    . . .     SeeInvis .   s - +3 quarterstaff (venom)
rCold    . . .     Gourm    .   (shield currently unavailable)
rNeg     + . .     Faith    .   F - +2 ring mail {rN+}
rPois    .         Spirit   .   j - +2 hat
rElec    .         Reflect  .   v - +0 cloak
rCorr    .         Harm     .   h - +0 pair of gloves
MR       ++...                  S - +0 pair of boots
Stlth    +.........             (no amulet)
HPRegen  0.23/turn              H - ring of protection from magic
MPRegen  0.21/turn              R - ring of wizardry

@: paralysed, lethally poisoned (-8 -> -33), slowed
A: no striking features
a: Renounce Religion


You were on level 6 of the Lair of Beasts.
You worshipped Vehumet.
Vehumet was greatly pleased with you.
You were hungry.

You visited 3 branches of the dungeon, and saw 18 of its levels.

You collected 1104 gold pieces.
You spent 126 gold pieces at shops.

Inventory:

Hand Weapons
 s - a +3 quarterstaff of venom (weapon)
Missiles
 d - 3 throwing nets (quivered)
Armour
 h - a +0 pair of gloves (worn)
 j - a +2 hat (worn)
 v - a +0 cloak (worn)
 F - a +2 ring mail of positive energy (worn)
 J - a +2 leather armour of magic resistance
 S - a +0 pair of boots (worn)
Jewellery
 u - an uncursed ring of protection from fire
 y - an uncursed ring of fire
 H - a ring of protection from magic (left hand)
 K - an uncursed ring of see invisible
 L - an uncursed ring of flight
 R - a ring of wizardry (right hand)
Wands
 x - a wand of acid (9)
 D - a wand of random effects (18)
 I - a wand of clouds (1)
 O - a wand of paralysis (6)
 T - a wand of iceblast (3)
Scrolls
 e - a scroll of enchant weapon
 f - 2 scrolls of teleportation
 i - 4 scrolls of immolation
 l - 6 scrolls of amnesia
 o - 2 scrolls of magic mapping
 q - a scroll of fog
 r - 5 scrolls of remove curse
 z - a scroll of enchant armour
 C - a scroll of torment
 E - a scroll of identify
 M - a scroll of blinking
 Q - a scroll of fear
Potions
 b - a potion of magic
 k - 3 potions of haste
 m - 2 potions of brilliance
 n - 2 potions of flight
 p - a potion of resistance
 t - a potion of might
 w - 3 potions of mutation
 A - 2 potions of agility
 G - a potion of invisibility
 N - a potion of berserk rage
Miscellaneous
 B - a crystal ball of energy
 U - a sack of spiders
Comestibles
 c - 27 rations


   Skills:
 - Level 10.0 Fighting
 - Level 3.0 Armour
 - Level 12.0 Dodging
 - Level 2.4 Stealth
 - Level 10.0 Spellcasting
 + Level 13.3 Conjurations
 - Level 7.0 Necromancy
 - Level 10.0 Fire Magic
 - Level 6.0 Evocations


You had 2 spell levels left.
You knew the following spells:

 Your Spells              Type           Power        Failure   Level  Hunger
a - Flame Tongue          Conj/Fire      #####        1%          1    None
b - Conjure Flame         Conj/Fire      ######..     1%          3    None
c - Sticky Flame          Conj/Fire      ######..     1%          4    None
d - Animate Skeleton      Necr           N/A          1%          1    None
e - Fireball              Conj/Fire      ######....   1%          5    ####...
f - Throw Icicle          Conj/Ice       #####...     1%          4    None
g - Bolt of Draining      Conj/Necr      ######....   1%          5    ####...
h - Orb of Destruction    Conj           ######....   9%          7    #######

Your spell library contained the following spells:

 Spells                   Type           Power        Failure   Level  Hunger
 Throw Flame              Conj/Fire      ######       1%          2    None
 Apportation              Tloc           ##....       9%          1    None
 Confusing Touch          Hex            ##....       9%          1    None
 Summon Small Mammal      Summ           ##..         9%          1    None
 Inner Flame              Hex/Fire       #####...     1%          3    None


Dungeon Overview and Level Annotations

Branches:
Dungeon (11/15)            Temple (1/1) D:7            Lair (6/6) D:8
 Shoals (0/4) Lair:4        Snake (0/4) Lair:4
  Slime: Lair:5-6       Orc: D:9-12

Altars:
Ashenzari
Dithmenos
Gozag
Hepliaklqana
Kikubaaqudgha
Makhleb
Nemelex Xobeh
Okawaru
Qazlal
Ru
Trog
Uskayaw
Vehumet
Wu Jian
Zin

Shops:
D:4 [   D:8 ?

Annotations:
D:3 2 exclusions
D:9 exclusion: downstairs
D:11 Josephine
Lair:1 exclusion: downstairs
Lair:5 exclusion: downstairs


Message History

Aim: a hornet You create a blast of poison gas!
You feel sick. The hornet stings you.
You are more poisoned.
You suddenly lose the ability to move!
The wyvern is engulfed in poison gas.
The wyvern is poisoned.
The hornet is engulfed in poison gas.
The hornet is poisoned.
The hornet stings you but does no damage. x2
The tyrant leech is engulfed in poison gas.
The tyrant leech is poisoned.
The torpor snail bites you. The hornet stings you!
You are more poisoned.
You shrug off the repeated paralysis!
You feel sick.
The hornet looks even sicker.
The hornet stings you!
* * * LOW HITPOINT WARNING * * *
You feel as though you will be slow longer.
The torpor snail bites you but does no damage.
The hornet is engulfed in poison gas.
The hornet looks even sicker.
The tyrant leech is engulfed in poison gas.
The tyrant leech looks even sicker.
The tyrant leech bites you!!
You die...

#....###....#..#### ##.....###..
##.Y..Y..Y..##(.#..# ##.........
#..........##..##..##..##....P...
..........##...#....#...##.......
.........##...##....##...##..P..#
.......###....#......#....###..##
...$...##....##.....§##....######
.......#........Pw§§P§#...PP# #
.##.........##Y.@wy§§§##...# #
.............#.##y§§§§.##..######
.......†....♣.#.....§§.#.......#.
...........♣♣....#.........l.....
.........♣♣♣♣♣♣..................
.........♣♣..♣♣.......#.........P
............♣♣....#..........#.##
♣♣............................†##
♣♣♣...≈≈≈.............P..##...#.


You could see an elephant, a tyrant leech, a torpor snail and 2 hornets.

Vanquished Creatures
  5 hydras
  2 two-headed ogres
  A catoblepas (Lair:6)
  A death yak (Lair:6)
  Nergalle (Lair:4)
  A lindwurm (Lair:6)
  Pikel (D:8)
  A wolf spider (Lair:6)
  2 elephants (Lair:6)
  A guardian serpent (Lair:6)
  4 merfolk sirens (Lair:4)
  5 black mambas
  Joseph (D:7)
  2 torpor snails (Lair:6)
  15 spiny frogs
  6 komodo dragons
  3 rime drakes
  6 hornets (Lair:6)
  2 tyrant leeches (Lair:6)
  11 blink frogs
  Grinder (D:3)
  4 hippogriffs
  Sigmund (D:5)
  10 wyverns
  A redback (Lair:6)
  3 basilisks
  2 hogs (D:9)
  44 yaks
  A human (D:9)
  A steam dragon (Lair:4)
  13 water moccasins
  8 porcupines
  3 orc warriors
  4 phantoms
  4 black bears
  An ice beast (D:10)
  A sky beast (D:10)
  9 wolves
  10 ogres
  4 centaurs
  8 crocodiles
  Blork the orc (D:4)
  14 bullfrogs
  A wyvern skeleton (D:7)
  6 scorpions
  A water moccasin skeleton (D:5)
  5 killer bees (D:10)
  3 wights (D:9)
  2 vampire bats (D:5)
  A crimson imp (D:7)
  3 jellies
  3 hounds
  2 centaur skeletons
  A centaur zombie (D:6)
  7 orc wizards
  Crazy Yiuf (D:3)
  6 orc priests
  8 iguanas
  Jessica (D:2)
  A gnoll shaman (D:6)
  11 worker ants
  4 hell rats (Lair:4)
  A hound zombie (D:5)
  A hound skeleton (D:10)
  A worker ant zombie (D:7)
  A howler monkey skeleton (D:8)
  9 gnolls
  19 adders
  2 shadow imps
  2 oozes (D:1)
  An adder skeleton (D:5)
  2 worms
  A dart slug (D:2)
  4 leopard geckos
  15 orcs
  4 bat zombies (D:5)
  3 giant cockroaches
  5 goblins
  10 hobgoblins
  6 jackals
  3 quokkas
  4 ball pythons
  5 bats
  8 frilled lizards
  2 jackal skeletons
  13 kobolds
  A leopard gecko skeleton (D:9)
  7 rats
  A fungus (Lair:6)
417 creatures vanquished.

Vanquished Creatures (collateral kills)
  A black mamba (Lair:6)
  A torpor snail (Lair:6)
  A komodo dragon (Lair:6)
  2 hornets (Lair:6)
  A redback (Lair:6)
  A yak (Lair:6)
  A water moccasin (Lair:6)
  A wolf (Lair:6)
  A crocodile (Lair:6)
  A plant (Lair:6)
11 creatures vanquished.

Vanquished Creatures (others)
  A hog (D:9)
  A shadow imp (D:9)
  A bush (Lair:6)
  32 fungi
  122 plants
157 creatures vanquished.

Grand Total: 585 creatures vanquished

Notes
Turn   | Place    | Note
-------+----------+-------------------------------------------
     0 | D:1      | grindst0ne the Deep Elf Fire Elementalist began the quest
                  | for the Orb.
     0 | D:1      | Reached XP level 1. HP: 10/10 MP: 6/6
    89 | D:1      | Reached XP level 2. HP: 15/15 MP: 5/8
   438 | D:1      | Reached skill level 2 in Conjurations
   621 | D:2      | Reached XP level 3. HP: 19/19 MP: 2/9
   935 | D:2      | Learned a level 3 spell: Conjure Flame
   972 | D:2      | Noticed Jessica
   977 | D:2      | Killed Jessica
   977 | D:2      | Reached XP level 4. HP: 24/24 MP: 2/10
  1345 | D:3      | Noticed Grinder
  1458 | D:3      | Found an ornate altar of the Wu Jian Council.
  1522 | D:3      | Reached skill level 3 in Conjurations
  1717 | D:3      | Noticed an ogre
  1725 | D:3      | Killed an ogre
  1725 | D:3      | Reached XP level 5. HP: 28/28 MP: 4/11
  1948 | D:3      | Learned a level 4 spell: Sticky Flame
  1997 | D:3      | Killed Grinder
  1997 | D:3      | Reached skill level 5 in Dodging
  1997 | D:3      | Reached skill level 4 in Conjurations
  1997 | D:3      | Reached skill level 5 in Fire Magic
  1997 | D:3      | Reached XP level 6. HP: 32/32 MP: 2/12
  2152 | D:3      | Found a runed translucent door.
  2153 | D:3      | Noticed Crazy Yiuf
  2410 | D:3      | Killed Crazy Yiuf
  2579 | D:4      | Reached XP level 7. HP: 36/36 MP: 5/13
  2895 | D:4      | Found Kamiack's Armour Shop.
  2977 | D:4      | Reached skill level 5 in Conjurations
  3178 | D:4      | Noticed Blork the orc
  3191 | D:4      | Killed Blork the orc
  3587 | D:5      | Entered Level 5 of the Dungeon
  3834 | D:5      | Reached skill level 1 in Fighting
  3911 | D:5      | Reached XP level 8. HP: 43/43 MP: 6/14
  3935 | D:5      | Reached skill level 6 in Conjurations
  4238 | D:5      | Found a shattered altar of Ashenzari.
  4387 | D:5      | Noticed Sigmund
  4393 | D:5      | Killed Sigmund
  4514 | D:5      | Found an ancient bone altar of Kikubaaqudgha.
  5003 | D:6      | Reached skill level 7 in Conjurations
  6042 | D:7      | Noticed Joseph
  6062 | D:7      | Reached XP level 9. HP: 47/50 MP: 0/17
  6308 | D:7      | Killed Joseph
  6308 | D:7      | Reached skill level 5 in Spellcasting
  6406 | D:7      | Reached skill level 8 in Conjurations
  6456 | D:7      | Found a staircase to the Ecumenical Temple.
  6464 | Temple   | Entered the Ecumenical Temple
  6509 | Temple   | Became a worshipper of Vehumet
  6557 | D:7      | Found a burning altar of Makhleb.
  6784 | D:7      | Learned a level 1 spell: Animate Skeleton
  6790 | D:7      | Learned a level 5 spell: Fireball
  7211 | D:8      | Reached skill level 1 in Necromancy
  7502 | D:8      | Found Opaxis's Magic Scroll Emporium.
  7730 | D:8      | Bought a scroll of identify for 22 gold pieces
  7730 | D:8      | Bought a scroll of teleportation for 33 gold pieces
  7730 | D:8      | Bought a scroll of amnesia for 38 gold pieces
  7730 | D:8      | Bought a scroll of teleportation for 33 gold pieces
  7757 | D:8      | Found a staircase to the Lair.
  7757 | D:8      | Noticed a komodo dragon
  8381 | D:8      | Killed a komodo dragon
  8665 | D:9      | Reached XP level 10. HP: 56/56 MP: 14/21
  8749 | D:9      | Reached skill level 5 in Necromancy
  8973 | D:9      | Reached skill level 9 in Conjurations
  9142 | D:9      | Noticed Pikel
  9179 | D:8      | Killed Pikel
  9344 | D:9      | Reached * piety under Vehumet
  9344 | D:9      | Offered knowledge of Freeze by Vehumet.
  9358 | D:9      | Found a stormy altar of Qazlal.
  9397 | D:9      | Found a bloodstained altar of Trog.
  9671 | D:9      | Noticed a two-headed ogre
  9707 | D:9      | Killed a two-headed ogre
  9948 | D:9      | Reached skill level 10 in Conjurations
 10325 | D:10     | Entered Level 10 of the Dungeon
 10351 | D:10     | Reached skill level 5 in Fighting
 10490 | D:10     | Noticed a two-headed ogre
 10516 | D:10     | Killed a two-headed ogre
 10639 | D:10     | Reached skill level 10 in Dodging
 10639 | D:10     | Reached XP level 11. HP: 62/63 MP: 15/22
 10850 | D:10     | Offered knowledge of Shock by Vehumet.
 10852 | D:10     | Reached ** piety under Vehumet
 11807 | D:11     | Noticed Josephine
 11915 | Lair:1   | Entered Level 1 of the Lair of Beasts
 11923 | Lair:1   | Reached skill level 11 in Conjurations
 12762 | Lair:1   | Offered knowledge of Ignite Poison by Vehumet.
 12775 | Lair:1   | Reached skill level 1 in Evocations
 12782 | Lair:1   | Reached skill level 1 in Armour
 13650 | Lair:2   | Noticed an eight-headed hydra
 13663 | Lair:2   | Killed an eight-headed hydra
 13953 | Lair:2   | Reached skill level 10 in Fire Magic
 14367 | Lair:2   | Reached *** piety under Vehumet
 14372 | Lair:2   | Noticed a six-headed hydra
 14635 | Lair:2   | Killed a six-headed hydra
 14635 | Lair:2   | Reached skill level 12 in Conjurations
 15009 | Lair:2   | Reached XP level 12. HP: 66/68 MP: 15/23
 15516 | Lair:3   | Noticed a five-headed hydra
 15519 | Lair:3   | Killed a five-headed hydra
 15519 | Lair:3   | Reached skill level 5 in Evocations
 16280 | Lair:4   | Offered knowledge of Throw Icicle by Vehumet.
 16353 | Lair:4   | Noticed Nergalle
 16361 | Lair:4   | Killed Nergalle
 16369 | Lair:4   | Learned a level 4 spell: Throw Icicle
 16502 | Lair:4   | Found a staircase to the Snake Pit.
 16610 | Lair:4   | Reached skill level 13 in Conjurations
 16731 | Lair:4   | Found a staircase to the Shoals.
 17307 | Lair:5   | Reached **** piety under Vehumet
 17889 | Lair:5   | Offered knowledge of Bolt of Draining by Vehumet.
 17895 | Lair:5   | Reached XP level 13. HP: 69/78 MP: 10/27
 17902 | Lair:5   | Learned a level 5 spell: Bolt of Draining
 18712 | Lair:6   | Entered Level 6 of the Lair of Beasts
 20921 | Lair:6   | Paralysed by a hornet for 1 turns
 20923 | Lair:6   | Paralysed by a hornet for 3 turns
 21247 | Lair:6   | Reached ***** piety under Vehumet
 21405 | Lair:6   | Offered knowledge of Orb of Destruction by Vehumet.
 21405 | Lair:6   | Reached skill level 10 in Fighting
 22487 | Lair:6   | Learned a level 7 spell: Orb of Destruction
 22667 | Lair:6   | Reached skill level 10 in Spellcasting
 22733 | Lair:6   | Paralysed by a hornet for 1 turns
 22737 | Lair:6   | Paralysed by a hornet for 3 turns
 22738 | Lair:6   | Mangled by a tyrant leech

Skill      XL: |  1  2  3  4  5  6  7  8  9 10 11 12 13 |
---------------+----------------------------------------+-----
Dodging        | 3 4 5 6 7 10 11 12 | 12.0
Conjurations   | 2 3 4 5 7 8 10 12 13 | 13.3
Fire Magic     | 4 5 6 8 9 10 | 10.0
Fighting       | 1 3 5 8 10 | 10.0
Spellcasting   | 4 6 8 10 | 10.0
Necromancy     | 4 5 7 |  7.0
Evocations     | 3 6 |  6.0
Armour         | 2 3 |  3.0
Stealth        | |  2.4

Action                   |  1- 3 |  4- 6 |  7- 9 | 10-12 | 13-15 || total
-------------------------+-------+-------+-------+-------+-------++-------
Melee: Quarterstaff      |       |       |    26 |    86 |    56 ||   168
 Cast: Flame Tongue      |    59 |    71 |   273 |   293 |   112 ||   808
       Conjure Flame     |       |     3 |    15 |    23 |       ||    41
       Sticky Flame      |       |     1 |    25 |    80 |    56 ||   162
       Fireball          |       |       |     1 |    42 |     9 ||    52
       Animate Skeleton  |       |       |       |     1 |     6 ||     7
       Throw Icicle      |       |       |       |     7 |     1 ||     8
       Bolt of Draining  |       |       |       |       |    45 ||    45
Evoke: Wand              |       |       |     2 |    22 |    14 ||    38
       Sack of spiders   |       |       |       |       |     1 ||     1
  Use: Scroll            |       |     6 |     6 |    14 |     6 ||    32
       Potion            |       |       |     1 |     6 |     7 ||    14
 Stab: Confused          |       |       |     3 |       |       ||     3
       Paralysed         |       |       |     2 |     1 |     3 ||     6
       Distracted        |       |       |       |       |     1 ||     1
       Petrified         |       |       |       |       |     1 ||     1
  Eat: Chunk             |       |     5 |    20 |    45 |    17 ||    87
       Ration            |       |       |     1 |     1 |     3 ||     5
Armor: Robe              |     4 |     2 |    13 |       |       ||    19
       Ring mail         |       |       |    19 |    80 |    73 ||   172
       Skin              |       |       |       |    12 |       ||    12
Dodge: Dodged            |    11 |    15 |    75 |   184 |   114 ||   399
